AoeStats
← danieldivilla

Arabia

507095972Analyzed
1v1 RM · 16d ago on Sep 16, 2026· 39m 29s· 2 players
Game mode
Random Map
Map size
Tiny (2 player)
Population
200
Speed
Normal
Resources
Standard
Victory
Conquest
Starting age
Dark Age
Ending age
Imperial Age
RankedLock teamsTeams togetherTeam positionsShared explorationLock speedFull tech treeHidden civsTurbo modeCheats
Victory
Defeat
🇪🇸 Bohemians · Spain
1348
+15
🇩🇪 Jurchens · Germany
1328
-15
TB_Steve-S
6:16 Loom
8:58 Feudal Age
9:45 Double-Bit Axe
16:37 Gold Mining
19:26 Castle Age
19:12 Bloodlines
18:56 Fletching
20:10 Bodkin Arrow
20:30 Bow Saw
20:52 Husbandry
26:18 Devotion
31:06 Wheelbarrow
31:09 Town Watch
36:00 Imperial Age
34:39 Scale Barding Armor
34:45 Forging
35:00 Light Cavalry
36:14 Hand Cart
37:27 Chain Barding Armor
danieldivilla
11:54 Feudal Age
10:10 Loom
12:20 Double-Bit Axe
12:17 Horse Collar
15:55 Wheelbarrow
18:54 Castle Age
18:56 Town Watch
25:07 Redemption
25:45 Bow Saw
32:20 Imperial Age
38:00 Two-Man Saw
39:32 Fletching
Connection lost

Rejoining the realm…

Still unreachable

The connection could not be restored.

Session expired

The server has moved on; the page needs a fresh start.